HSSL
BISHOP AMAT HS @ BROOKLINE HS WARRIORS
04/23/2023
 
TOP OF THE 1ST
Bishop Amat HS batting - Pitching for Brookline HS Warriors : RHP Sherwood Bailey
Pitching: RHP Sherwood Bailey
Batting: RHB Will David 0-0: Foul Ball, location: 2F
0-1: Ball
1-1: Foul Ball, location: 2F
1-2: Ball
2-2: Strikes out swinging
Batting: RHB Bartolo Reyes 0-0: Ball
1-0: Ball
2-0: Called Strike
2-1: Fly out, F6 (Popup, 5F)
Batting: RHB Ryan Parrish 0-0: Called Strike
0-1: Foul Ball, location: 2F
0-2: SINGLE (Groundball, 56D) (infield hit)
Batting: LHB Edmund Stone 0-0: Called Strike
Ryan Parrish steals 2nd base
0-1: Ball
1-1: Foul Ball, location: 2F
1-2: Ball
2-2: Ball
3-2: Foul Ball, location: 2F
3-2: Ground out 6-3 (Groundball, 6)
Top of the 1st over - 0 run(s), 1 hit(s), 0 error(s), 1 left on base; Bishop Amat HS 0 - Brookline HS 0
BOTTOM OF THE 1ST
Brookline HS Warriors batting - Pitching for Bishop Amat HS : LHP Salvador Jiménez
Pitching: LHP Salvador Jiménez
Batting: RHB José Carlos Caraballo 0-0: Called Strike
0-1: Ball
1-1: Fly out, F5 (Popup, 56S)
Batting: LHB Kel Smith 0-0: Ball
1-0: Foul Ball, location: 2F
1-1: Ball
2-1: DOUBLE (Line Drive, 9LS)
Batting: RHB Mike Carter 0-0: Swinging Strike
0-1: Ball
1-1: Swinging Strike
1-2: Strikes out swinging
Batting: RHB Marcos Liñares 0-0: Called Strike
0-1: Ball
1-1: Ball
2-1: Foul Ball, location: 2F
2-2: Foul Ball, location: 2F
2-2: Ball
3-2: Ground out 4-3 (Groundball, 4M)
Bottom of the 1st over - 0 run(s), 1 hit(s), 0 error(s), 1 left on base; Bishop Amat HS 0 - Brookline HS 0
TOP OF THE 2ND
Bishop Amat HS batting - Pitching for Brookline HS Warriors : RHP Sherwood Bailey
Batting: SHB Jimmy Wilson 0-0: Ball
1-0: Fly out, F7 (Flyball, 7M)
Batting: RHB Jim Norris 0-0: Foul Ball, location: 2F
0-1: Foul Ball, location: 2F
0-2: Ball
1-2: Foul Ball, location: 2F
1-2: Ball
2-2: SINGLE (Line Drive, 6MD)
Batting: RHB Javier Castillo 0-0: Ball
1-0: Swinging Strike
1-1: Ball
2-1: Fly out, F9 (Flyball, 89S)
Batting: SHB Leonardo González 0-0: Ball
1-0: Ball
2-0: Called Strike
Jim Norris is caught stealing 2nd base
Top of the 2nd over - 0 run(s), 1 hit(s), 0 error(s), 0 left on base; Bishop Amat HS 0 - Brookline HS 0
BOTTOM OF THE 2ND
Brookline HS Warriors batting - Pitching for Bishop Amat HS : LHP Salvador Jiménez
Batting: RHB Phil Moore 0-0: Ball
1-0: Ball
2-0: Called Strike
2-1: Foul Ball, location: 2F
2-2: Ball
3-2: Base on Balls
Batting: LHB Howard Holder 0-0: Called Strike
0-1: Reached on error, E4 (Groundball, 34)
Phil Moore to second
Batting: LHB Gary Lynn 0-0: Called Strike
0-1: Called Strike
0-2: Ball
1-2: Ball
2-2: Strikes out swinging
Batting: RHB Stephen Nava 0-0: Ball
1-0: Ball
Passed Ball!
Phil Moore to third
Howard Holder to second
2-0: Called Strike
2-1: Ball
3-1: Called Strike
3-2: Foul Ball, location: 2F
3-2: Base on Balls
Batting: RHB Francisco Durango 0-0: Called Strike
0-1: Swinging Strike
0-2: Foul Ball, location: 2F
0-2: Foul Ball, location: 2F
0-2: Ball
1-2: Ball
2-2: SINGLE (Line Drive, 7S)
Phil Moore scores
Howard Holder to third
Stephen Nava to second
Batting: RHB José Carlos Caraballo 0-0: Foul Ball, location: 2F
0-1: Ball
1-1: SINGLE (Groundball, 56D) (infield hit)
Howard Holder scores
Stephen Nava to third
Francisco Durango to second
Batting: LHB Kel Smith 0-0: Called Strike
0-1: Ball
1-1: Grounds into double play, U4-3 (Groundball, 4)
Bottom of the 2nd over - 2 run(s), 2 hit(s), 1 error(s), 2 left on base; Bishop Amat HS 0 - Brookline HS 2
TOP OF THE 3RD
Bishop Amat HS batting - Pitching for Brookline HS Warriors : RHP Sherwood Bailey
Batting: SHB Leonardo González 0-0: Ball
1-0: Fly out, F4 (Line Drive, 4)
Batting: SHB José Ruíz 0-0: Ball
1-0: Fly out, F8 (Flyball, 8LM)
Batting: RHB Will David 0-0: Called Strike
0-1: Foul Ball, location: 2F
0-2: DOUBLE (Line Drive, 8RM)
Batting: RHB Bartolo Reyes 0-0: Called Strike
0-1: Ball
1-1: SINGLE (Flyball, 8LS)
Will David to third
Runner from 3rd tries for Home, SAFE, no throw or cutoff
Batting: RHB Ryan Parrish 0-0: Ball
1-0: Ball
2-0: Ball
3-0: Called Strike
3-1: TRIPLE (Line Drive, 8LM)
Bartolo Reyes scores
Batting: LHB Edmund Stone 0-0: Foul Ball, location: 2F
0-1: Fly out, F7 (Flyball, 78M)
Top of the 3rd over - 2 run(s), 3 hit(s), 0 error(s), 1 left on base; Bishop Amat HS 2 - Brookline HS 2
BOTTOM OF THE 3RD
Brookline HS Warriors batting - Pitching for Bishop Amat HS : LHP Salvador Jiménez
Batting: RHB Mike Carter 0-0: Ball
1-0: SINGLE (Popup, 4MD)
Batting: RHB Marcos Liñares 0-0: Called Strike
0-1: Swinging Strike
0-2: Ball
1-2: Ball
2-2: SINGLE (Groundball, 3S)
Mike Carter to second
Throwing error, E9
Mike Carter scores
Marcos Liñares to second
Batting: RHB Phil Moore 0-0: Ball
1-0: Ball
2-0: Fly out, F8 (Flyball, 78XD)
Runner from 2nd tags up, SAFE at 3rd, no throw
Batting: LHB Howard Holder 0-0: Ball
1-0: Ball
2-0: Fly out, F8 (Flyball, 8LM)
Runner from 3rd tags up, SCORES, no throw
Batting: LHB Gary Lynn 0-0: Called Strike
0-1: Fly out, F6 (Popup, 56)
Bottom of the 3rd over - 2 run(s), 2 hit(s), 1 error(s), 0 left on base; Bishop Amat HS 2 - Brookline HS 4
TOP OF THE 4TH
Bishop Amat HS batting - Pitching for Brookline HS Warriors : RHP Sherwood Bailey
Batting: SHB Jimmy Wilson 0-0: SOLO HOME RUN (Flyball, 89XD), Distance : 425 ft
Batting: RHB Jim Norris 0-0: Called Strike
0-1: Called Strike
0-2: Ball
1-2: Ball
2-2: Foul Ball, location: 2F
2-2: Strikes out swinging
Batting: RHB Javier Castillo 0-0: Ball
1-0: Ball
2-0: Ground out 6-3 (Groundball, 6M)
Batting: SHB Leonardo González 0-0: Called Strike
0-1: Ball
1-1: Fly out, F6 (Popup, 6MD)
Top of the 4th over - 1 run(s), 1 hit(s), 0 error(s), 0 left on base; Bishop Amat HS 3 - Brookline HS 4
BOTTOM OF THE 4TH
Brookline HS Warriors batting - Pitching for Bishop Amat HS : LHP Salvador Jiménez
Batting: RHB Stephen Nava 0-0: Ball
1-0: Foul Ball, location: 2F
1-1: SINGLE (Line Drive, 5)
Batting: RHB Francisco Durango 0-0: Ball
1-0: Called Strike
1-1: Fly out, F8 (Flyball, 8LM)
Batting: RHB José Carlos Caraballo 0-0: Foul Ball, location: 2F
0-1: Called Strike
0-2: Fly out, F2 (Popup, 2LF)
Batting: LHB Kel Smith 0-0: Foul Ball, location: 2F
0-1: Ball
1-1: Called Strike
1-2: Ball
2-2: Ball
3-2: Foul Ball, location: 2F
3-2: Strikes out swinging
Bottom of the 4th over - 0 run(s), 1 hit(s), 0 error(s), 1 left on base; Bishop Amat HS 3 - Brookline HS 4
TOP OF THE 5TH
Bishop Amat HS batting - Pitching for Brookline HS Warriors : RHP Sherwood Bailey
Batting: SHB José Ruíz 0-0: Ball
1-0: Fly out, F8 (Flyball, 8RM)
Batting: RHB Will David 0-0: Ball
1-0: Fly out, F3 (Popup, 3S)
Batting: RHB Bartolo Reyes 0-0: Called Strike
0-1: Hit by Pitch
Batting: RHB Ryan Parrish 0-0: Ball
1-0: Ball
Passed Ball!
Bartolo Reyes to second
2-0: Ball
3-0: Base on Balls
Batting: LHB Edmund Stone 0-0: Swinging Strike
0-1: Ground out 4-3 (Groundball, 4)
Top of the 5th over - 0 run(s), 0 hit(s), 0 error(s), 2 left on base; Bishop Amat HS 3 - Brookline HS 4
BOTTOM OF THE 5TH
Brookline HS Warriors batting - Pitching for Bishop Amat HS : LHP Salvador Jiménez
Pitching: RHP John Rutherford
Batting: RHB Mike Carter 0-0: Ball
1-0: Ball
2-0: Called Strike
2-1: Ball
3-1: Foul Ball, location: 2F
3-2: Fly out, F9 (Flyball, 9M)
Batting: RHB Marcos Liñares 0-0: Called Strike
0-1: Ground out 4-3 (Groundball, 4)
Batting: RHB Phil Moore 0-0: Called Strike
0-1: Reached on error, E6 (Groundball, 6M)
Batting: LHB Howard Holder 0-0: Foul Ball, location: 2F
0-1: Fly out, F6 (Line Drive, 6)
Bottom of the 5th over - 0 run(s), 0 hit(s), 1 error(s), 1 left on base; Bishop Amat HS 3 - Brookline HS 4
TOP OF THE 6TH
Bishop Amat HS batting - Pitching for Brookline HS Warriors : RHP Sherwood Bailey
Batting: SHB Jimmy Wilson 0-0: Ball
1-0: Ball
2-0: Ball
3-0: Base on Balls
Pitching: RHP Juan López
Batting: RHB Jim Norris 0-0: Ball
1-0: Ball
2-0: Called Strike
2-1: Ball
3-1: Foul Ball, location: 2F
3-2: Foul Ball, location: 2F
3-2: Foul Ball, location: 2F
3-2: Base on Balls
Jimmy Wilson to second
Batting: RHB Javier Castillo 0-0: Foul Ball, location: 2F
0-1: Ball
1-1: SINGLE (Line Drive, 7S)
Jimmy Wilson to third
Jim Norris to second
Batting: SHB Leonardo González 0-0: Called Strike
0-1: Ball
1-1: Foul Ball, location: 2F
1-2: Fly out, F4 (Popup, 4D)
Batting: SHB José Ruíz 0-0: Ball
1-0: Ball
Wild Pitch!
Jimmy Wilson scores
Jim Norris to third
Javier Castillo to second
2-0: Ball
3-0: Base on Balls
Batting: RHB Will David 0-0: Called Strike
0-1: Swinging Strike
0-2: Ball
1-2: Ball
2-2: Strikes out looking
Batting: RHB Bartolo Reyes 0-0: Ball
1-0: Ball
2-0: Foul Ball, location: 2F
2-1: Ball
3-1: Base on Balls
Jim Norris scores
Javier Castillo to third
José Ruíz to second
Batting: RHB Ryan Parrish 0-0: Reached on error, E5 (Groundball, 5S)
Javier Castillo scores
José Ruíz to third
Bartolo Reyes to second
Batting: LHB Edmund Stone 0-0: Fly out, F7 (Flyball, 8LM)
Top of the 6th over - 3 run(s), 1 hit(s), 1 error(s), 3 left on base; Bishop Amat HS 6 - Brookline HS 4
BOTTOM OF THE 6TH
Brookline HS Warriors batting - Pitching for Bishop Amat HS : RHP John Rutherford
Batting: LHB Gary Lynn 0-0: Ball
1-0: Foul Ball, location: 2F
1-1: Foul Ball, location: 2F
1-2: Ball
2-2: Foul Ball, location: 2F
2-2: Foul Ball, location: 2F
2-2: Reached on Error, E6 (Popup, 6)
Batting: RHB Stephen Nava 0-0: Called Strike
0-1: Ball
1-1: Ball
2-1: Swinging Strike
2-2: Foul Ball, location: 2F
2-2: Foul Ball, location: 2F
2-2: Fly out, F2 (Popup, 23F)
Batting: RHB Francisco Durango 0-0: Called Strike
0-1: Fly out, F6 (Popup, 6M)
Batting: RHB José Carlos Caraballo 0-0: Fielders Choice at 2nd, U6 (Groundball, 6M)
Bottom of the 6th over - 0 run(s), 0 hit(s), 1 error(s), 1 left on base; Bishop Amat HS 6 - Brookline HS 4
TOP OF THE 7TH
Bishop Amat HS batting - Pitching for Brookline HS Warriors : RHP Juan López
Pitching: RHP Steve Gore
Batting: SHB Jimmy Wilson 0-0: Fly out, F8 (Flyball, 8LM)
Batting: RHB Jim Norris 0-0: Called Strike
0-1: Ball
1-1: SOLO HOME RUN (Flyball, 7D), Distance : 404 ft
Batting: RHB Javier Castillo 0-0: Ball
1-0: Ball
2-0: Called Strike
2-1: Called Strike
2-2: Ball
3-2: Base on Balls
Batting: SHB Leonardo González 0-0: Ball
1-0: Called Strike
1-1: Ball
2-1: Foul Ball, location: 2F
2-2: Ball
3-2: Strikes out swinging
Batting: SHB José Ruíz 0-0: SINGLE (Groundball, 3L)
Javier Castillo to second
Runner from 2nd tries for 3rd, OUT!
Top of the 7th over - 1 run(s), 2 hit(s), 0 error(s), 1 left on base; Bishop Amat HS 7 - Brookline HS 4
BOTTOM OF THE 7TH
Brookline HS Warriors batting - Pitching for Bishop Amat HS : RHP John Rutherford
Pitching: RHP Broderick Bower
Batting: LHB Kel Smith 0-0: Fly out, F7 (Flyball, 78M)
Batting: RHB Mike Carter 0-0: Called Strike
0-1: Ball
1-1: Foul Ball, location: 2F
1-2: Ball
2-2: Foul Ball, location: 2F
2-2: Strikes out swinging
Batting: RHB Marcos Liñares 0-0: Reached on Error, E8 (Flyball, 8RM)
Batting: RHB Phil Moore 0-0: 2-RUN HOME RUN (Flyball, 8LXD), Distance : 450 ft
Batting: LHB Howard Holder 0-0: Called Strike
0-1: Fly out, F7 (Flyball, 7M)
Bottom of the 7th over - 2 run(s), 1 hit(s), 1 error(s), 0 left on base; Bishop Amat HS 7 - Brookline HS 6
TOP OF THE 8TH
Bishop Amat HS batting - Pitching for Brookline HS Warriors : RHP Steve Gore
Batting: RHB Will David 0-0: Called Strike
0-1: Ball
1-1: Ball
2-1: Swinging Strike
2-2: Ball
3-2: SINGLE (Line Drive, 56D)
Batting: RHB Bartolo Reyes 0-0: Ball
1-0: Bunted foul
1-1: Sac Bunt - play at first, batter OUT! 1-4
Will David to second
Batting: RHB Ryan Parrish 0-0: Intentional Walk
Batting: LHB Edmund Stone 0-0: Called Strike
0-1: Foul Ball, location: 2F
0-2: Foul Ball, location: 2F
0-2: Foul Ball, location: 2F
0-2: Ball
1-2: Strikes out swinging
Batting: SHB Jimmy Wilson 0-0: Ball
1-0: Foul Ball, location: 2F
1-1: SINGLE (Flyball, 7S)
Will David to third
Ryan Parrish to second
Runner from 3rd tries for Home, SAFE, no throw or cutoff
Pitching: RHP Carl Hill
Batting: RHB Jim Norris 0-0: Ball
1-0: Foul Ball, location: 2F
1-1: Foul Ball, location: 2F
1-2: Strikes out swinging
Top of the 8th over - 1 run(s), 2 hit(s), 0 error(s), 2 left on base; Bishop Amat HS 8 - Brookline HS 6
BOTTOM OF THE 8TH
Brookline HS Warriors batting - Pitching for Bishop Amat HS : RHP Broderick Bower
Now at C: David Morgan
Batting: LHB Gary Lynn 0-0: Fly out, F7 (Flyball, 7LM)
Batting: RHB Stephen Nava 0-0: Called Strike
0-1: Called Strike
0-2: Fly out, F9 (Flyball, 89M)
Batting: RHB Francisco Durango 0-0: Called Strike
0-1: Called Strike
0-2: Ball
1-2: Foul Ball, location: 2F
1-2: Ball
2-2: Foul Ball, location: 2F
2-2: Ball
3-2: Foul Ball, location: 2F
3-2: Foul Ball, location: 2F
3-2: Foul Ball, location: 2F
3-2: Base on Balls
Pitching: RHP Curt Dunn
Batting: RHB José Carlos Caraballo 0-0: Ground out 6-3 (Groundball, 6)
Bottom of the 8th over - 0 run(s), 0 hit(s), 0 error(s), 1 left on base; Bishop Amat HS 8 - Brookline HS 6
TOP OF THE 9TH
Bishop Amat HS batting - Pitching for Brookline HS Warriors : RHP Carl Hill
Batting: RHB Javier Castillo 0-0: Ball
1-0: Ball
2-0: Ball
3-0: Called Strike
3-1: Foul Ball, location: 2F
3-2: Base on Balls
Batting: SHB Leonardo González 0-0: Bunted foul
0-1: Bunted foul
0-2: Foul Ball, location: 2F
0-2: Fly out, F9 (Flyball, 89S)
Batting: SHB José Ruíz 0-0: Ball
1-0: Called Strike
1-1: Swinging Strike
1-2: Ball
2-2: Foul Ball, location: 2F
2-2: SINGLE (Line Drive, 89S)
Javier Castillo to second
Runner from 2nd tries for 3rd, SAFE, throw made to third
José Ruíz to second
Pitching: RHP Rob Larson
Batting: RHB Will David 0-0: Called Strike
0-1: Fly out, F9 (Flyball, 9M)
Runner from 3rd tags up, SCORES, throw made
Batting: RHB Bartolo Reyes 0-0: Called Strike
0-1: Called Strike
0-2: Ball
1-2: Strikes out swinging
Top of the 9th over - 1 run(s), 1 hit(s), 0 error(s), 1 left on base; Bishop Amat HS 9 - Brookline HS 6
BOTTOM OF THE 9TH
Brookline HS Warriors batting - Pitching for Bishop Amat HS : RHP Curt Dunn
Pitching: RHP Valentín Pérez
Now at 2B: Elwood López
Now in CF: Edgardo Aguilar
Batting: LHB Kel Smith 0-0: Ball
1-0: Ground out U3 (Groundball, 3L)
Batting: RHB Mike Carter 0-0: Called Strike
0-1: Fly out, F9 (Flyball, 9D)
Batting: RHB Marcos Liñares 0-0: Ball
1-0: Foul Ball, location: 2F
1-1: Ball
2-1: Swinging Strike
2-2: Foul Ball, location: 2F
2-2: Ball
3-2: Base on Balls
Batting: RHB Phil Moore 0-0: Called Strike
0-1: Called Strike
0-2: Ball
1-2: Strikes out looking
Bottom of the 9th over - 0 run(s), 0 hit(s), 0 error(s), 1 left on base; Bishop Amat HS 9 - Brookline HS 6
This league is powered by Out of the Park Baseball, the baseball management simulation game for PC, Mac and Linux
Wednesday, December 2nd, 2015 - OOTP Baseball 16.8 Build 38